Sasquatch vs Tamiflu
Created - May 14, 2017 at 21:31
Goals
|
Sasquatch |
1 |
0 |
0 |
0 |
1 |
Tamiflu |
0 |
1 |
0 |
1 |
2 |
|
Shots
|
Sasquatch |
9 |
4 |
5 |
1 |
19 |
Tamiflu |
6 |
4 |
9 |
1 |
20 |
|
1st period
1. Sasquatch , Jason Akeson 39 (Stephane Da Costa 32, Linus Omark 74) at 14:21
Penalties :
Drew Shore (Gat) for High sticking (Minor) at 0:59, Adam Larsson (Det) for Tripping (Minor) at 14:24, Petr Pohl (Det) for Hooking (Minor) at 17:55
2nd period
2. Tamiflu , Colin Greening 11 (Mike Duco 29, Jan Mursak 16) at 17:00
Penalties :
Tyler Randell (Gat) for Tripping (Minor) at 2:05, Robert Dome (Det) for Hooking (Minor) at 6:17, Yann Sauvé (Gat) for Tripping (Minor) at 18:40, Philip Samuelsson (Det) for Diving (Minor) at 18:46
3rd period
No Goal
Penalties :
Justin Braun (Det) for Interference (Minor) at 1:05
Overtime #1
3. Tamiflu , Nino Niederreiter 33 (Robert Dome 58, Jordan Hendry 45) at 0:14
Penalties :
No Penalty
Goalie Stats
Corey Crawford (Gat), 18 saves from 20 shots - (0.900), OTL, 32-13-6, 60:14 minutes
Thomas Greiss (Det), 18 saves from 19 shots - (0.947), W, 34-23-9, 60:14 minutes
Players Stats for Sasquatch
Player Name G A P +/- PIM S H SB GA TA FO MP PP MP PK MP
------------------------------------------------------------------------------------
Brock Trotter 0 0 0 -1 0 2 1 1 0 1 0/1 13:11 0:14 1:31
D.J King 0 0 0 -1 0 1 2 1 0 0 0/1 19:04 3:31 2:12
Danny DeKeiser 0 0 0 1 0 0 1 0 0 0 0/0 15:51 0:00 1:48
Drew Shore 0 0 0 -2 2 1 1 1 1 0 8/11 14:18 0:20 0:58
Garnet Hathaway 0 0 0 0 0 3 2 0 0 0 0/1 9:03 0:00 0:00
Jason Akeson 1 0 1 1 0 1 4 0 0 1 1/1 17:50 4:11 0:00
Jason Zucker 0 0 0 0 0 1 1 0 1 0 0/1 9:33 0:00 0:08
Jonathan Blum 0 0 0 1 0 2 2 1 1 1 0/0 24:07 3:28 2:16
Kris Russell 0 0 0 0 0 0 2 1 1 0 0/0 16:36 0:06 2:16
Lars Eller 0 0 0 0 0 2 2 0 3 0 5/8 16:57 4:05 1:12
Linus Omark 0 1 1 1 0 2 1 0 0 0 0/0 19:38 4:17 1:12
Nick Leddy 0 0 0 -2 0 1 0 1 0 1 0/0 25:45 4:34 0:06
Ryan Strome 0 0 0 -1 0 1 2 0 0 0 0/0 13:50 3:31 0:00
Sergey Kalinin 0 0 0 0 0 0 3 0 0 0 1/2 10:19 0:00 0:55
Slava Voynov 0 0 0 0 0 0 0 2 0 0 0/0 17:56 4:28 0:00
Stephane Da Costa 0 1 1 1 0 2 1 1 2 0 8/21 17:40 3:37 0:00
Tyler Randell 0 0 0 0 2 0 0 1 1 0 1/1 12:48 0:14 0:00
Yann Sauvé 0 0 0 -2 2 0 1 1 0 1 0/0 20:30 3:34 1:42
Players Stats for Tamiflu
Player Name G A P +/- PIM S H SB GA TA FO MP PP MP PK MP
------------------------------------------------------------------------------------
Adam Larsson 0 0 0 0 2 0 0 0 0 3 0/0 7:29 0:03 0:00
Casey Wellman 0 0 0 0 0 0 0 0 0 0 0/1 8:43 0:00 0:00
Colin Greening 1 0 1 1 0 1 0 0 0 0 2/3 11:17 0:00 0:51
Greg Mauldin 0 0 0 -1 0 2 2 0 1 0 10/18 19:11 1:58 1:39
Jamie Arniel 0 0 0 0 0 1 2 1 2 2 7/13 17:35 2:03 2:20
Jan Mursak 0 1 1 1 0 0 1 0 0 0 0/0 13:46 0:00 4:10
Jordan Hendry 0 1 1 1 0 2 2 1 0 0 0/0 25:52 2:18 4:12
Justin Braun 0 0 0 1 2 0 1 1 0 1 0/0 15:30 0:00 0:00
Lucas Lessio 0 0 0 0 0 4 2 0 0 0 0/0 10:48 0:03 1:26
Mattias Tedenby 0 0 0 0 0 1 0 0 0 0 2/3 14:59 2:03 0:00
Mike Duco 0 1 1 1 0 0 1 0 1 1 0/1 13:20 0:06 2:20
Nathan Oystrick 0 0 0 -1 0 3 4 0 0 0 0/0 20:24 1:46 3:50
Nino Niederreiter 1 0 1 0 0 1 2 0 0 0 0/0 17:20 1:55 0:00
Petr Pohl 0 0 0 0 2 0 5 0 1 2 1/4 19:56 2:03 3:18
Philip Samuelsson 0 0 0 2 2 1 3 3 0 0 0/0 25:14 2:17 4:06
Rich Clune 0 0 0 0 0 0 1 0 0 0 1/1 8:43 0:00 0:00
Robert Dome 0 1 1 0 2 3 3 0 0 0 1/4 16:26 1:58 0:00
Stefan Elliott 0 0 0 -1 0 1 3 1 0 1 0/0 24:23 1:46 3:56
3 Stars
1 - Jason Akeson (Gat)
2 - Colin Greening (Det)
3 - Nino Niederreiter (Det)
Power Play
Sasquatch - 0 on 5 Attempt(s) - 0.00%
Tamiflu - 0 on 3 Attempt(s) - 0.00%
Penalty Kill
Sasquatch - 3 on 3 Attempt(s) - 100.00%
- Score 0 goal in Penalty Kill
Tamiflu - 5 on 5 Attempt(s) - 100.00%
- Score 0 goal in Penalty Kill
Team Stat
Sasquatch - Hits : 26 - Faceoff Wins : 24 - Blocked Shots : 11 - Penalty Minutes : 6
Tamiflu - Hits : 32 - Faceoff Wins : 24 - Blocked Shots : 7 - Penalty Minutes : 10
Official
Referees : StLaurent Francois and Sutherland Kelly
Linesman : David Brisebois and Mark Wheler
Game Notes
Adam Larsson is injured at 10:32 of 2nd period (Strained Right Elbow)
Finance
Level 1 -- Attendance: 1563 (78.15%) -- Ticket Income $39,075
Level 2 -- Attendance: 783 (78.30%) -- Ticket Income $7,830
Total Attendance: 2346 (78.20%)
Total Ticket Income: $46,905
Other Income: $2,345
Total Income: $49,250
Sasquatch
5 vs 5 Forward
Center Left Wing Right Wing Time % Phy DF OF
1 Stephane Da Costa Linus Omark Jason Akeson 40 1 2 2
2 Lars Eller D.J King Tyler Randell 30 1 2 2
3 Drew Shore Brock Trotter Ryan Strome 20 1 2 2
4 Sergey Kalinin Jason Zucker Garnet Hathaway 10 1 2 2
5 vs 5 Defense
Defense Defense Time % Phy DF OF
1 Nick Leddy Yann Sauvé 40 1 2 2
2 Danny DeKeiser Jonathan Blum 30 1 2 2
3 Kris Russell Slava Voynov 20 1 2 2
4 Jonathan Blum Nick Leddy 10 1 2 2
PowerPlay Forward
Center Left Wing Right Wing Time % Phy DF OF
1 Lars Eller Linus Omark Jason Akeson 60 1 2 2
2 Stephane Da Costa D.J King Ryan Strome 40 1 2 2
PowerPlay Defense
Defense Defense Time % Phy DF OF
1 Nick Leddy Slava Voynov 60 1 2 2
2 Yann Sauvé Jonathan Blum 40 1 2 2
Penalty Kill 4 Players Forward
Center Wing Time % Phy DF OF
1 Drew Shore D.J King 60 1 2 2
2 Lars Eller Linus Omark 40 1 2 2
Penalty Kill 4 Players Defense
Defense Defense Time % Phy DF OF
1 Danny DeKeiser Yann Sauvé 60 1 2 2
2 Kris Russell Jonathan Blum 40 1 2 2
Penalty Kill - 3 Players Forward
Forward Time % Phy DF OF
1 Lars Eller 60 1 2 2
2 Drew Shore 40 1 2 2
Penalty Kill - 3 Players Defense
Defense Defense Time % Phy DF OF
1 Yann Sauvé Danny DeKeiser 60 1 2 2
2 Kris Russell Jonathan Blum 40 1 2 2
4 vs 4 Forward
Center Wing Time % Phy DF OF
1 Drew Shore D.J King 60 1 2 2
2 Stephane Da Costa Linus Omark 40 1 2 2
4 vs 4 Defense
Defense Defense Time % Phy DF OF
1 Yann Sauvé Nick Leddy 60 1 2 2
2 Danny DeKeiser Jonathan Blum 40 1 2 2
Last Minutes Offensive
Center Left Wing Right Wing Defense Defense
Lars Eller Linus Omark Jason Akeson Nick Leddy Jonathan Blum
Last Minutes Defensive
Center Left Wing Right Wing Defense Defense
Drew Shore Linus Omark D.J King Danny DeKeiser Yann Sauvé
Goaltenders
Starting : Corey Crawford
Backup : Martin Houle
Extra Forwards
Normal : Jason Zucker, Drew Shore, Brock Trotter - PP : Drew Shore, Linus Omark - PK : Brock Trotter
Extra Defensemen
Normal : Jonathan Blum, Kris Russell, Danny DeKeiser - PP : Kris Russell - PK : Nick Leddy, Danny DeKeiser
Penalty Shots
Linus Omark, Lars Eller, Jason Akeson, Ryan Strome, Jason Zucker
Scratches
Philip Varone (Healthy), James Wisniewski (Sprained Right Knee Injury), Ty Rattie (Healthy), Michal Jordan (Healthy), Teemu Hartikainen (Healthy)
Jack Campbell (Healthy)
Tamiflu
5 vs 5 Forward
Center Left Wing Right Wing Time % Phy DF OF
1 Greg Mauldin Robert Dome Nino Niederreiter 35 0 2 3
2 Jamie Arniel Mattias Tedenby Petr Pohl 35 0 2 3
3 Colin Greening Jan Mursak Mike Duco 20 1 2 2
4 Casey Wellman Lucas Lessio Rich Clune 10 1 2 2
5 vs 5 Defense
Defense Defense Time % Phy DF OF
1 Philip Samuelsson Jordan Hendry 40 1 2 2
2 Nathan Oystrick Stefan Elliott 30 1 2 2
3 Justin Braun Adam Larsson 20 1 2 2
4 Justin Braun Adam Larsson 10 1 3 1
PowerPlay Forward
Center Left Wing Right Wing Time % Phy DF OF
1 Greg Mauldin Robert Dome Nino Niederreiter 50 0 1 4
2 Jamie Arniel Mattias Tedenby Petr Pohl 50 0 1 4
PowerPlay Defense
Defense Defense Time % Phy DF OF
1 Philip Samuelsson Jordan Hendry 60 0 2 3
2 Stefan Elliott Nathan Oystrick 40 0 2 3
Penalty Kill 4 Players Forward
Center Wing Time % Phy DF OF
1 Petr Pohl Jan Mursak 60 1 3 1
2 Jamie Arniel Mike Duco 40 1 3 1
Penalty Kill 4 Players Defense
Defense Defense Time % Phy DF OF
1 Nathan Oystrick Stefan Elliott 50 1 3 1
2 Philip Samuelsson Jordan Hendry 50 1 3 1
Penalty Kill - 3 Players Forward
Forward Time % Phy DF OF
1 Jan Mursak 60 1 4 0
2 Mike Duco 40 1 4 0
Penalty Kill - 3 Players Defense
Defense Defense Time % Phy DF OF
1 Nathan Oystrick Jordan Hendry 60 1 4 0
2 Philip Samuelsson Stefan Elliott 40 1 4 0
4 vs 4 Forward
Center Wing Time % Phy DF OF
1 Greg Mauldin Petr Pohl 50 1 2 2
2 Robert Dome Nino Niederreiter 50 1 2 2
4 vs 4 Defense
Defense Defense Time % Phy DF OF
1 Philip Samuelsson Jordan Hendry 60 1 2 2
2 Nathan Oystrick Justin Braun 40 1 2 2
Last Minutes Offensive
Center Left Wing Right Wing Defense Defense
Greg Mauldin Robert Dome Petr Pohl Philip Samuelsson Jordan Hendry
Last Minutes Defensive
Center Left Wing Right Wing Defense Defense
Jamie Arniel Jan Mursak Mike Duco Philip Samuelsson Nathan Oystrick
Goaltenders
Starting : Thomas Greiss
Backup : Joe Fallon
Extra Forwards
Normal : Petr Pohl, Nino Niederreiter, Mike Duco - PP : Mattias Tedenby, Mike Duco - PK : Greg Mauldin
Extra Defensemen
Normal : Philip Samuelsson, Stefan Elliott, Justin Braun - PP : Justin Braun - PK : Justin Braun, Stefan Elliott
Penalty Shots
Mattias Tedenby, Jamie Arniel, Robert Dome, Nino Niederreiter, Greg Mauldin
Scratches
Garrett Wilson (Healthy), Tanner Kero (Healthy), Greg McKegg (Healthy), Kyle Lawson (Healthy), Brett Bulmer (Healthy)
Stuart Percy (Healthy), Jerome Gauthier-Leduc (Healthy), Konrad Abeltshauser (Healthy), Phoenix Copley (Healthy), Tyler Beskorowany (Healthy)
% Time on Ice - Sasquatch
Lines # - Real PCT - Wanted PCT - Time Play
Normal Forward
1 - 32% - 40% - 14:53
2 - 26% - 30% - 11:46
3 - 22% - 20% - 10:19
4 - 20% - 10% - 9:03
Normal Defense
1 - 35% - 40% - 16:09
2 - 33% - 30% - 15:04
3 - 27% - 20% - 12:15
4 - 6% - 10% - 2:33
PP Forward
1 - 55% - 60% - 4:25
2 - 45% - 40% - 3:37
PP Defense
1 - 57% - 60% - 4:34
2 - 43% - 40% - 3:28
PK Forward
1 - 70% - 60% - 2:52
2 - 30% - 40% - 1:12
PK Defense
1 - 44% - 60% - 1:48
2 - 56% - 40% - 2:16
PK3 Forward
1 - 0% - 60%
2 - 0% - 40%
PK3 Defense
1 - 0% - 60%
2 - 0% - 40%
44 Forward
1 - 84% - 60% - 1:47
2 - 16% - 40% - 0:20
44 Defense
1 - 100% - 60% - 2:07
2 - 0% - 40% - 0:00
Last Minute Offensive - 0:00
Last Minute Defensive - 0:00
Total
Forward - 60:14
Defense - 60:14
|
% Time on Ice - Tamiflu
Lines # - Real PCT - Wanted PCT - Time Play
Normal Forward
1 - 32% - 35% - 14:32
2 - 29% - 35% - 13:12
3 - 21% - 20% - 9:34
4 - 19% - 10% - 8:43
Normal Defense
1 - 32% - 40% - 14:51
2 - 28% - 30% - 12:47
3 - 27% - 20% - 12:17
4 - 13% - 10% - 6:06
PP Forward
1 - 50% - 50% - 2:01
2 - 50% - 50% - 2:03
PP Defense
1 - 57% - 60% - 2:18
2 - 43% - 40% - 1:46
PK Forward
1 - 71% - 60% - 5:42
2 - 29% - 40% - 2:20
PK Defense
1 - 49% - 50% - 3:56
2 - 51% - 50% - 4:06
PK3 Forward
1 - 0% - 60%
2 - 0% - 40%
PK3 Defense
1 - 0% - 60%
2 - 0% - 40%
44 Forward
1 - 49% - 50% - 1:02
2 - 51% - 50% - 1:05
44 Defense
1 - 91% - 60% - 1:56
2 - 9% - 40% - 0:11
Last Minute Offensive - 0:00
Last Minute Defensive - 0:00
Total
Forward - 60:14
Defense - 60:14
|
Play by Play
1st period
0:01 of 1st period - Stephane Da Costa wins face-off versus Greg Mauldin in neutral zone.
0:06 of 1st period - Snap shot by Linus Omark.
0:06 of 1st period - Stopped by Thomas Greiss with a rebound.
0:14 of 1st period - Wrist shot by Greg Mauldin.
0:14 of 1st period - Stopped by Corey Crawford with a rebound.
0:16 of 1st period - Wrist shot by Greg Mauldin.
0:16 of 1st period - Shot Blocked by Yann Sauvé.
0:59 of 1st period - Minor Penalty to Drew Shore for High sticking.
1:00 of 1st period - Greg Mauldin wins face-off versus D.J King in Sasquatch zone.
1:00 of 1st period - Wrist shot by Robert Dome.
1:00 of 1st period - Stopped by Corey Crawford without a rebound.
1:01 of 1st period - Greg Mauldin wins face-off versus Brock Trotter in Sasquatch zone.
1:41 of 1st period - D.J King is hit by Petr Pohl and loses puck.
2:26 of 1st period - Lars Eller is hit by Nathan Oystrick and loses puck.
2:51 of 1st period - Kris Russell is hit by Philip Samuelsson and loses puck.
2:59 of 1st period - Penalty to Drew Shore is over, Drew Shore is back on ice.
3:52 of 1st period - Wrist shot by Linus Omark.
3:52 of 1st period - Shot Misses the Net.
3:54 of 1st period - Snap shot by Linus Omark.
3:54 of 1st period - Stopped by Thomas Greiss without a rebound.
3:55 of 1st period - Stephane Da Costa wins face-off versus Casey Wellman in Tamiflu zone.
4:02 of 1st period - Wrist shot by Lucas Lessio.
4:02 of 1st period - Stopped by Corey Crawford without a rebound.
4:03 of 1st period - Lars Eller wins face-off versus Mattias Tedenby in Sasquatch zone.
4:08 of 1st period - Slapshot by D.J King.
4:08 of 1st period - Stopped by Thomas Greiss with a rebound.
4:10 of 1st period - Slapshot by Jonathan Blum.
4:10 of 1st period - Stopped by Thomas Greiss with a rebound.
4:18 of 1st period - Slapshot by Jamie Arniel.
4:18 of 1st period - Stopped by Corey Crawford without a rebound.
4:19 of 1st period - Greg Mauldin wins face-off versus Stephane Da Costa in Sasquatch zone.
4:30 of 1st period - Snap shot by Robert Dome.
4:30 of 1st period - Shot Misses the Net.
4:44 of 1st period - D.J King is hit by Nathan Oystrick and loses puck.
4:49 of 1st period - Wrist shot by Petr Pohl.
4:49 of 1st period - Shot Blocked by D.J King.
5:05 of 1st period - Snap shot by Drew Shore.
5:05 of 1st period - Shot Misses the Net.
5:31 of 1st period - Slapshot by Jason Zucker.
5:31 of 1st period - Deflect By Jordan Hendry.
5:31 of 1st period - Shot Misses the Net.
5:31 of 1st period - Puck is out of play.
5:32 of 1st period - Greg Mauldin wins face-off versus Stephane Da Costa in Tamiflu zone.
6:13 of 1st period - Slapshot by Robert Dome.
6:13 of 1st period - Shot Blocked by Drew Shore.
6:50 of 1st period - Snap shot by Brock Trotter.
6:50 of 1st period - Stopped by Thomas Greiss without a rebound.
6:51 of 1st period - Jamie Arniel wins face-off versus Stephane Da Costa in Tamiflu zone.
7:17 of 1st period - Mike Duco is hit by D.J King.
7:41 of 1st period - Jordan Hendry is hit by Danny DeKeiser and loses puck.
7:46 of 1st period - Slapshot by Nick Leddy.
7:46 of 1st period - Shot Blocked by Jordan Hendry.
8:18 of 1st period - Lars Eller is hit by Mike Duco and loses puck.
9:09 of 1st period - Snap shot by Brock Trotter.
9:09 of 1st period - Shot Misses the Net.
9:11 of 1st period - Wrist shot by Jason Akeson.
9:11 of 1st period - Shot Misses the Net.
10:39 of 1st period - Snap shot by Lars Eller.
10:39 of 1st period - Shot Misses the Net.
11:01 of 1st period - Snap shot by Jason Zucker.
11:01 of 1st period - Deflect By Jan Mursak.
11:01 of 1st period - Shot Blocked by Philip Samuelsson.
11:01 of 1st period - Puck is out of play.
11:02 of 1st period - Greg Mauldin wins face-off versus Stephane Da Costa in Tamiflu zone.
11:02 of 1st period - Greg Mauldin is hit by Jason Akeson.
12:22 of 1st period - Icing by Philip Samuelsson.
12:23 of 1st period - Greg Mauldin wins face-off versus Stephane Da Costa in Tamiflu zone.
12:34 of 1st period - Snap shot by Robert Dome.
12:34 of 1st period - Stopped by Corey Crawford with a rebound.
12:54 of 1st period - Off-side.
12:55 of 1st period - Jamie Arniel wins face-off versus Stephane Da Costa in neutral zone.
13:21 of 1st period - Adam Larsson is hit by Kris Russell and loses puck.
14:13 of 1st period - Slapshot by Jason Zucker.
14:13 of 1st period - Stopped by Thomas Greiss without a rebound.
14:14 of 1st period - Stephane Da Costa wins face-off versus Greg Mauldin in Tamiflu zone.
14:19 of 1st period - Wrist shot by Stephane Da Costa.
14:19 of 1st period - Shot Hit the Post.
14:21 of 1st period - Snap shot by Jason Akeson.
14:21 of 1st period - Goal by Jason Akeson - Sasquatch : 1 - Tamiflu : 0.
14:22 of 1st period - Jamie Arniel wins face-off versus Stephane Da Costa in neutral zone.
14:24 of 1st period - Minor Penalty to Adam Larsson for Tripping.
14:25 of 1st period - Jason Akeson wins face-off versus Petr Pohl in Tamiflu zone.
14:41 of 1st period - Slapshot by Jason Akeson.
14:41 of 1st period - Deflect By Lars Eller.
14:41 of 1st period - Stopped by Thomas Greiss without a rebound.
14:42 of 1st period - Stephane Da Costa wins face-off versus Petr Pohl in Tamiflu zone.
16:24 of 1st period - Penalty to Adam Larsson is over, Adam Larsson is back on ice.
16:33 of 1st period - Icing by Stefan Elliott.
16:34 of 1st period - Greg Mauldin wins face-off versus Jason Zucker in Tamiflu zone.
17:10 of 1st period - Slapshot by Nathan Oystrick.
17:10 of 1st period - Stopped by Corey Crawford with a rebound.
17:13 of 1st period - Icing by Kris Russell.
17:14 of 1st period - Lars Eller wins face-off versus Greg Mauldin in Sasquatch zone.
17:39 of 1st period - Slava Voynov is hit by Jan Mursak and loses puck.
17:50 of 1st period - Snap shot by Lars Eller.
17:50 of 1st period - Stopped by Thomas Greiss without a rebound.
17:51 of 1st period - Jamie Arniel wins face-off versus Stephane Da Costa in Tamiflu zone.
17:55 of 1st period - Minor Penalty to Petr Pohl for Hooking.
17:56 of 1st period - Greg Mauldin wins face-off versus Lars Eller in Tamiflu zone.
19:55 of 1st period - Penalty to Petr Pohl is over, Petr Pohl is back on ice.
Goals for this period are 1 for Sasquatch vs 0 for Tamiflu.
Shots for this period are 9 for Sasquatch vs 6 for Tamiflu.
2nd period
0:01 of 2nd period - Stephane Da Costa wins face-off versus Jamie Arniel in neutral zone.
0:07 of 2nd period - Nick Leddy is hit by Petr Pohl and loses puck.
0:32 of 2nd period - Snap shot by Greg Mauldin.
0:32 of 2nd period - Shot Misses the Net.
0:52 of 2nd period - Nick Leddy is hit by Lucas Lessio and loses puck.
1:03 of 2nd period - Snap shot by Ryan Strome.
1:03 of 2nd period - Stopped by Thomas Greiss without a rebound.
1:04 of 2nd period - Mattias Tedenby wins face-off versus Stephane Da Costa in Tamiflu zone.
1:29 of 2nd period - Adam Larsson is hit by Ryan Strome and loses puck.
1:40 of 2nd period - Snap shot by Drew Shore.
1:40 of 2nd period - Shot Blocked by Jamie Arniel.
2:05 of 2nd period - Minor Penalty to Tyler Randell for Tripping.
2:06 of 2nd period - Drew Shore wins face-off versus Greg Mauldin in Sasquatch zone.
2:33 of 2nd period - Yann Sauvé is hit by Jamie Arniel and loses puck.
3:26 of 2nd period - Greg Mauldin is hit by Lars Eller and loses puck.
3:52 of 2nd period - Petr Pohl is hit by Brock Trotter and loses puck.
4:05 of 2nd period - Penalty to Tyler Randell is over, Tyler Randell is back on ice.
4:10 of 2nd period - Philip Samuelsson is hit by Sergey Kalinin and loses puck.
4:31 of 2nd period - Justin Braun is hit by Jason Akeson and loses puck.
5:09 of 2nd period - Snap shot by Stefan Elliott.
5:09 of 2nd period - Shot Misses the Net.
5:11 of 2nd period - Slapshot by Stefan Elliott.
5:11 of 2nd period - Shot Misses the Net.
5:13 of 2nd period - Snap shot by Rich Clune.
5:13 of 2nd period - Deflect By Linus Omark.
5:13 of 2nd period - Shot Misses the Net.
5:13 of 2nd period - Puck is out of play.
5:14 of 2nd period - Rich Clune wins face-off versus Lars Eller in Sasquatch zone.
5:21 of 2nd period - Slapshot by Nathan Oystrick.
5:21 of 2nd period - Shot Misses the Net.
6:17 of 2nd period - Minor Penalty to Robert Dome for Hooking.
6:18 of 2nd period - Lars Eller wins face-off versus Petr Pohl in Tamiflu zone.
8:17 of 2nd period - Penalty to Robert Dome is over, Robert Dome is back on ice.
8:23 of 2nd period - Nick Leddy is hit by Robert Dome and loses puck.
8:32 of 2nd period - Slapshot by Greg Mauldin.
8:32 of 2nd period - Stopped by Corey Crawford with a rebound.
8:42 of 2nd period - Slava Voynov is hit by Lucas Lessio and loses puck.
9:48 of 2nd period - Danny DeKeiser is hit by Stefan Elliott and loses puck.
10:01 of 2nd period - Jan Mursak is hit by Linus Omark.
10:31 of 2nd period - Adam Larsson is hit by Jason Zucker and loses puck.
10:32 of 2nd period - Adam Larsson from Tamiflu is injured at 10:32 of 2nd period (Strained Right Elbow).
10:33 of 2nd period - Jamie Arniel wins face-off versus Stephane Da Costa in Tamiflu zone.
11:03 of 2nd period - Lars Eller is hit by Robert Dome and loses puck.
12:43 of 2nd period - Wrist shot by Petr Pohl.
12:43 of 2nd period - Deflect By Kris Russell.
12:43 of 2nd period - Shot Blocked by Slava Voynov.
12:43 of 2nd period - Puck is out of play.
12:44 of 2nd period - Stephane Da Costa wins face-off versus Jamie Arniel in Sasquatch zone.
12:53 of 2nd period - Wrist shot by Mattias Tedenby.
12:53 of 2nd period - Deflect By Jamie Arniel.
12:53 of 2nd period - Shot Misses the Net.
12:53 of 2nd period - Puck is out of play.
12:54 of 2nd period - Jamie Arniel wins face-off versus Stephane Da Costa in Sasquatch zone.
13:08 of 2nd period - Kris Russell is hit by Philip Samuelsson and loses puck.
13:39 of 2nd period - Wrist shot by Garnet Hathaway.
13:39 of 2nd period - Stopped by Thomas Greiss without a rebound.
13:40 of 2nd period - Mattias Tedenby wins face-off versus Sergey Kalinin in Tamiflu zone.
13:51 of 2nd period - Wrist shot by Nathan Oystrick.
13:51 of 2nd period - Deflect By Garnet Hathaway.
13:51 of 2nd period - Stopped by Corey Crawford with a rebound.
13:53 of 2nd period - Wrist shot by Mattias Tedenby.
13:53 of 2nd period - Stopped by Corey Crawford without a rebound.
13:54 of 2nd period - Greg Mauldin wins face-off versus Stephane Da Costa in Sasquatch zone.
14:03 of 2nd period - Snap shot by Robert Dome.
14:03 of 2nd period - Shot Misses the Net.
14:19 of 2nd period - Stefan Elliott is hit by Lars Eller and loses puck.
14:40 of 2nd period - Philip Samuelsson is hit by Sergey Kalinin and loses puck.
14:47 of 2nd period - Snap shot by Garnet Hathaway.
14:47 of 2nd period - Stopped by Thomas Greiss without a rebound.
14:48 of 2nd period - Stephane Da Costa wins face-off versus Greg Mauldin in Tamiflu zone.
14:57 of 2nd period - Slapshot by Philip Samuelsson.
14:57 of 2nd period - Shot Blocked by Stephane Da Costa.
15:15 of 2nd period - D.J King is hit by Jordan Hendry and loses puck.
15:26 of 2nd period - Slapshot by Jamie Arniel.
15:26 of 2nd period - Shot Blocked by Slava Voynov.
16:24 of 2nd period - Slapshot by Lars Eller.
16:24 of 2nd period - Shot Blocked by Justin Braun.
16:26 of 2nd period - Slapshot by Jonathan Blum.
16:26 of 2nd period - Shot Misses the Net.
16:28 of 2nd period - Wrist shot by D.J King.
16:28 of 2nd period - Shot Misses the Net.
17:00 of 2nd period - Slapshot by Colin Greening.
17:00 of 2nd period - Goal by Colin Greening - Sasquatch : 1 - Tamiflu : 1.
17:01 of 2nd period - Jamie Arniel wins face-off versus Stephane Da Costa in neutral zone.
17:28 of 2nd period - Lars Eller is hit by Greg Mauldin.
18:35 of 2nd period - Wrist shot by Stephane Da Costa.
18:35 of 2nd period - Stopped by Thomas Greiss without a rebound.
18:36 of 2nd period - Stephane Da Costa wins face-off versus Jamie Arniel in Tamiflu zone.
18:39 of 2nd period - Wrist shot by Linus Omark.
18:39 of 2nd period - Shot Misses the Net.
18:40 of 2nd period - Minor Penalty to Yann Sauvé for Tripping.
18:41 of 2nd period - Drew Shore wins face-off versus Jamie Arniel in Sasquatch zone.
18:46 of 2nd period - Minor Penalty to Philip Samuelsson for Diving.
18:47 of 2nd period - Drew Shore wins face-off versus Greg Mauldin in Tamiflu zone.
18:56 of 2nd period - Slapshot by Jordan Hendry.
18:56 of 2nd period - Shot Blocked by Jonathan Blum.
19:03 of 2nd period - Off-side.
19:04 of 2nd period - Drew Shore wins face-off versus Robert Dome in neutral zone.
19:09 of 2nd period - Slapshot by Jonathan Blum.
19:09 of 2nd period - Shot Blocked by Stefan Elliott.
19:19 of 2nd period - Wrist shot by Robert Dome.
19:19 of 2nd period - Shot Misses the Net.
19:55 of 2nd period - Drew Shore is hit by Justin Braun and loses puck.
Goals for this period are 0 for Sasquatch vs 1 for Tamiflu.
Shots for this period are 4 for Sasquatch vs 4 for Tamiflu.
3rd period
0:01 of 3rd period - Drew Shore wins face-off versus Robert Dome in neutral zone.
0:14 of 3rd period - Wrist shot by D.J King.
0:14 of 3rd period - Shot Misses the Net.
0:16 of 3rd period - Wrist shot by Drew Shore.
0:16 of 3rd period - Shot Misses the Net.
0:26 of 3rd period - Jonathan Blum is hit by Stefan Elliott and loses puck.
0:40 of 3rd period - Penalty to Yann Sauvé is over, Yann Sauvé is back on ice.
0:41 of 3rd period - Yann Sauvé is hit by Petr Pohl and loses puck.
0:46 of 3rd period - Penalty to Philip Samuelsson is over, Philip Samuelsson is back on ice.
0:52 of 3rd period - Philip Samuelsson is hit by Yann Sauvé and loses puck.
0:57 of 3rd period - Snap shot by Stephane Da Costa.
0:57 of 3rd period - Stopped by Thomas Greiss without a rebound.
0:58 of 3rd period - Colin Greening wins face-off versus Garnet Hathaway in Tamiflu zone.
1:03 of 3rd period - Slapshot by Jason Zucker.
1:03 of 3rd period - Shot Misses the Net.
1:05 of 3rd period - Minor Penalty to Justin Braun for Interference.
1:06 of 3rd period - Petr Pohl wins face-off versus Lars Eller in Tamiflu zone.
1:37 of 3rd period - Philip Samuelsson is hit by Ryan Strome and loses puck.
2:34 of 3rd period - Stephane Da Costa is hit by Nathan Oystrick.
3:02 of 3rd period - Mike Duco is hit by Drew Shore and loses puck.
3:05 of 3rd period - Penalty to Justin Braun is over, Justin Braun is back on ice.
3:07 of 3rd period - Backhand shot by Drew Shore.
3:07 of 3rd period - Shot Blocked by Philip Samuelsson.
3:09 of 3rd period - Backhand shot by Kris Russell.
3:09 of 3rd period - Shot Blocked by Philip Samuelsson.
3:28 of 3rd period - Nino Niederreiter is hit by Kris Russell and loses puck.
3:58 of 3rd period - Snap shot by Robert Dome.
3:58 of 3rd period - Shot Misses the Net.
4:21 of 3rd period - Wrist shot by D.J King.
4:21 of 3rd period - Shot Misses the Net.
4:48 of 3rd period - Linus Omark is hit by Nathan Oystrick and loses puck.
5:01 of 3rd period - Jan Mursak is hit by Garnet Hathaway and loses puck.
5:29 of 3rd period - Kris Russell is hit by Jordan Hendry and loses puck.
7:05 of 3rd period - Danny DeKeiser is hit by Rich Clune and loses puck.
7:10 of 3rd period - Slapshot by Jordan Hendry.
7:10 of 3rd period - Stopped by Corey Crawford with a rebound.
7:58 of 3rd period - Kris Russell is hit by Stefan Elliott and loses puck.
8:40 of 3rd period - Tyler Randell is hit by Philip Samuelsson and loses puck.
8:56 of 3rd period - Garnet Hathaway is hit by Nino Niederreiter and loses puck.
9:09 of 3rd period - Tyler Randell is hit by Petr Pohl and loses puck.
9:29 of 3rd period - Jordan Hendry is hit by Jonathan Blum and loses puck.
10:02 of 3rd period - Nino Niederreiter is hit by Sergey Kalinin and loses puck.
10:47 of 3rd period - Snap shot by Brock Trotter.
10:47 of 3rd period - Stopped by Thomas Greiss with a rebound.
10:49 of 3rd period - Slapshot by Brock Trotter.
10:49 of 3rd period - Shot Misses the Net.
11:03 of 3rd period - Colin Greening is hit by Jonathan Blum and loses puck.
12:02 of 3rd period - Danny DeKeiser is hit by Greg Mauldin and loses puck.
12:11 of 3rd period - Nino Niederreiter is hit by Jason Akeson and loses puck.
12:19 of 3rd period - Icing by Nino Niederreiter.
12:20 of 3rd period - Tyler Randell wins face-off versus Greg Mauldin in Tamiflu zone.
12:55 of 3rd period - Jason Akeson is hit by Petr Pohl and loses puck.
14:06 of 3rd period - Slapshot by Philip Samuelsson.
14:06 of 3rd period - Stopped by Corey Crawford with a rebound.
14:08 of 3rd period - Slapshot by Jordan Hendry.
14:08 of 3rd period - Shot Misses the Net.
14:10 of 3rd period - Wrist shot by Casey Wellman.
14:10 of 3rd period - Deflect By Lucas Lessio.
14:10 of 3rd period - Stopped by Corey Crawford with a rebound.
14:12 of 3rd period - Snap shot by Lucas Lessio.
14:12 of 3rd period - Stopped by Corey Crawford without a rebound.
14:13 of 3rd period - Lars Eller wins face-off versus Jamie Arniel in Sasquatch zone.
14:20 of 3rd period - Snap shot by Petr Pohl.
14:20 of 3rd period - Shot Blocked by Nick Leddy.
14:22 of 3rd period - Wrist shot by Petr Pohl.
14:22 of 3rd period - Shot Hit the Post.
14:39 of 3rd period - Wrist shot by Garnet Hathaway.
14:39 of 3rd period - Stopped by Thomas Greiss without a rebound.
14:40 of 3rd period - Sergey Kalinin wins face-off versus Greg Mauldin in Tamiflu zone.
14:51 of 3rd period - Nick Leddy is hit by Nino Niederreiter and loses puck.
15:00 of 3rd period - Greg Mauldin is hit by Garnet Hathaway and loses puck.
15:15 of 3rd period - Slapshot by Jonathan Blum.
15:15 of 3rd period - Stopped by Thomas Greiss without a rebound.
15:16 of 3rd period - Colin Greening wins face-off versus Drew Shore in Tamiflu zone.
15:53 of 3rd period - Snap shot by Jan Mursak.
15:53 of 3rd period - Shot Blocked by Tyler Randell.
15:55 of 3rd period - Slapshot by Nathan Oystrick.
15:55 of 3rd period - Stopped by Corey Crawford without a rebound.
15:56 of 3rd period - Greg Mauldin wins face-off versus Drew Shore in Sasquatch zone.
15:57 of 3rd period - Snap shot by Robert Dome.
15:57 of 3rd period - Stopped by Corey Crawford with a rebound.
16:21 of 3rd period - Nick Leddy is hit by Jamie Arniel.
16:37 of 3rd period - Justin Braun is hit by Stephane Da Costa.
16:40 of 3rd period - Icing by Jamie Arniel.
16:41 of 3rd period - Drew Shore wins face-off versus Jamie Arniel in Tamiflu zone.
16:46 of 3rd period - Snap shot by Drew Shore.
16:46 of 3rd period - Stopped by Thomas Greiss without a rebound.
16:47 of 3rd period - Drew Shore wins face-off versus Mike Duco in Tamiflu zone.
16:50 of 3rd period - Wrist shot by Drew Shore.
16:50 of 3rd period - Shot Misses the Net.
16:58 of 3rd period - Slapshot by Jordan Hendry.
16:58 of 3rd period - Shot Blocked by Brock Trotter.
17:52 of 3rd period - Lucas Lessio is hit by Jason Akeson and loses puck.
18:25 of 3rd period - Slapshot by Justin Braun.
18:25 of 3rd period - Shot Blocked by Kris Russell.
18:27 of 3rd period - Wrist shot by Lucas Lessio.
18:27 of 3rd period - Stopped by Corey Crawford with a rebound.
18:29 of 3rd period - Wrist shot by Casey Wellman.
18:29 of 3rd period - Shot Misses the Net.
18:31 of 3rd period - Slapshot by Stefan Elliott.
18:31 of 3rd period - Stopped by Corey Crawford without a rebound.
18:32 of 3rd period - Lars Eller wins face-off versus Colin Greening in Sasquatch zone.
18:43 of 3rd period - Colin Greening is hit by D.J King and loses puck.
18:54 of 3rd period - Jonathan Blum is hit by Robert Dome.
19:42 of 3rd period - Slapshot by Jordan Hendry.
19:42 of 3rd period - Stopped by Corey Crawford with a rebound.
19:59 of 3rd period - Off-side.
Goals for this period are 0 for Sasquatch vs 0 for Tamiflu.
Shots for this period are 5 for Sasquatch vs 9 for Tamiflu.
Overtime #1
0:01 of 1st overtime period - Drew Shore wins face-off versus Robert Dome in neutral zone.
0:04 of 1st overtime period - Slapshot by Nick Leddy.
0:04 of 1st overtime period - Deflect By Robert Dome.
0:04 of 1st overtime period - Stopped by Thomas Greiss without a rebound.
0:05 of 1st overtime period - Robert Dome wins face-off versus Drew Shore in Tamiflu zone.
0:12 of 1st overtime period - Backhand shot by Robert Dome.
0:12 of 1st overtime period - Shot Misses the Net.
0:14 of 1st overtime period - Snap shot by Nino Niederreiter.
0:14 of 1st overtime period - Goal by Nino Niederreiter - Sasquatch : 1 - Tamiflu : 2.
Goals for this period are 0 for Sasquatch vs 1 for Tamiflu.
Shots for this period are 1 for Sasquatch vs 1 for Tamiflu.
Back to the Top